 Dungeon Crawl Stone Soup version 0.24-a0-446-g87df7205b4 (webtiles) character file.

Game seed: 6372619005147012106

16266 drasked the Grappler (level 12, -1/119 (120) HPs)
             Began as a Troll Monk on June 24, 2019.
             Was a High Priest of Okawaru.
             Slain by an unseen horror (11 damage)
             ... on level 12 of the Dungeon.
             The game lasted 00:50:00 (10921 turns).

drasked the Grappler (Troll Monk)                  Turns: 10921, Time: 00:50:01

HP:   -1/119 (120)  AC:  9    Str: 22    XL:     12   Next: 8%
MP:   14/14         EV:  8    Int: 13    God:    Okawaru [*****.]
Gold: 607           SH:  9    Dex: 12    Spells: 11/11 levels left

rFire    . . .     SeeInvis .     - Unarmed
rCold    . . .     Gourm    +   w - +0 shield
rNeg     + . .     Faith    .   z - +1 robe {rN+} {rN+}
rPois    .         Spirit   .   b - +2 hat {Int+3} {Int+3}
rElec    .         Reflect  .   (no cloak)
rCorr    .         Harm     .   (gloves unavailable)
MR       .....                  (boots unavailable)
Stlth    ++........             (no amulet)
HPRegen  0.69/turn              (no ring)
MPRegen  0.14/turn              (no ring)

@: no status effects
A: large, unfitting armour, claws 3, fast metabolism 3, gourmand, regeneration
1, shaggy fur 1, tough skin 3
a: Heroism, Finesse, Renounce Religion


You were on level 12 of the Dungeon.
You worshipped Okawaru.
Okawaru was extremely pleased with you.
You were not hungry.

You visited 2 branches of the dungeon, and saw 13 of its levels.

You collected 684 gold pieces.
You spent 77 gold pieces at shops.

Inventory:

Missiles
 m - 52 poisoned darts
 u - 5 large rocks {!d}
 D - 2 javelins
 E - 2 atropa-tipped darts
 Q - 110 stones (quivered)
Armour
 b - a +2 hat of intelligence (worn) {Int+3}
 w - a +0 shield (worn)
 z - a +1 robe of positive energy (worn) {rN+}
Jewellery
 v - an uncursed amulet of magic regeneration
Wands
 y - a wand of iceblast (11)
 F - a wand of paralysis (8)
Scrolls
 c - 2 scrolls of fog {unknown}
 g - 3 scrolls of identify
 i - 4 scrolls of enchant armour
 j - 2 scrolls of amnesia {unknown}
 n - 4 scrolls of immolation {!r}
 o - 2 scrolls of magic mapping {unknown}
 p - a scroll of vulnerability {unknown}
 t - a scroll of teleportation
 x - a scroll of summoning {unknown}
 A - a scroll of enchant weapon
 B - 5 scrolls of blinking {!r}
Potions
 a - a potion of lignification {!q}
 d - a potion of might
 f - a potion of berserk rage {!q}
 h - 2 potions of haste
 k - 6 potions of flight
 l - 2 potions of heal wounds
 q - 6 potions of curing
 r - 2 potions of invisibility
 s - a potion of agility
Miscellaneous
 C - a lamp of fire
Comestibles
 e - 20 rations


   Skills:
 + Level 8.2 Fighting
 + Level 8.4 Throwing
 - Level 2.4 Dodging
 - Level 1.0 Stealth
 + Level 3.3 Shields
 * Level 13.2 Unarmed Combat
 + Level 5.0 Invocations


You had 11 spell levels left.
You didn't know any spells.
Your spell library contained the following spells:

 Spells                   Type           Power        Failure   Level  Hunger
 Corona                   Hex            #......      71%         1    ##.....
 Ensorcelled Hibernation  Hex/Ice        #.....       83%         2    ###....
 Confuse                  Hex            #.......     97%         3    ####...
 Dazzling Spray           Conj/Hex       #.....       97%         3    ####...
 Tukima's Dance           Hex            #.......     97%         3    ####...


Dungeon Overview and Level Annotations

Branches:
Dungeon (12/15)            Temple (1/1) D:5            Lair (0/6) D:10
    Orc (0/2) D:9

Altars:
Ashenzari
Cheibriados
Dithmenos
Elyvilon
Fedhas
Gozag
Hepliaklqana
Kikubaaqudgha
Makhleb
Nemelex Xobeh
Okawaru
Qazlal
Ru
Sif Muna
Trog
Uskayaw
Vehumet
Wu Jian
Xom
Yredelemnul
Zin
The Shining One

Shops:
D:8 :   D:10 ?   D:11 *   D:12 *

Portals:
Trove: D:11 (lose all piety)

Annotations:
D:6 Sigmund


Innate Abilities, Weirdness & Mutations

You are too large for most types of armour.
You have claws for hands.
Your metabolism is lightning-fast.
You like to eat raw meat.
Your natural rate of healing is unusually fast.
You are covered in fur. (AC +1)
You have extremely tough skin. (AC +3)


Message History

You take 2 damage, and have 17/119 hp.
Something hits you but does no damage. x2
You see here a +0 halberd.
You block something's attack. Something hits you.
* * * LOW HITPOINT WARNING * * *
Something hits you but does no damage. Something hits you but does no damage.
Something hits you.
* * * LOW HITPOINT WARNING * * *
You take 4 damage, and have 14/119 hp.
Something hits you but does no damage. x2
Something hits you.
* * * LOW HITPOINT WARNING * * *
You take 2 damage, and have 13/119 hp.
Something hits you but does no damage. Something hits you.
* * * LOW HITPOINT WARNING * * *
You take 4 damage, and have 10/119 hp.
Something hits you!
You die...

8..###'##########
.#o##...........#
#z.#...........#
##.#...........#
#.#...........#
#....)........####
##......oz.z.....#
#.......##.z....####
#.......##...@.....#
#.......#.....#....#
##......#.....#รท...#
#####((#.........#....#####
...((...........^#..).....#
......>..........##.......#
........##.......##.......#
...........#####.##.......#
........##.#####.##.......#


You could see 3 skeletal warriors and an orc.

Levels and vault maps discovered:
D:1:      wander_arrival_estate, layout_loops_ring
D:2:      layout_rooms, old_standard_altar, minmay_tiny_reverse_x
D:3:      layout_basic, nicolae_ru_great_annihilating_truth, led_sif_pool,
          first_ration
D:4:      layout_basic, yredelemnul_forgotten_temple_becter
D:5:      layout_cave_pools, minmay_temple_entry_trees, basic_altar,
          elyvilon_altar_5, uniq_eustachio
D:6:      layout_cave_pools, minmay_manual_mandibuliform, uniq_sigmund
D:7:      layout_loops_ring, minivault_23, grunt_livestock,
          kennysheep_generic_room_9
D:8:      layout_rooms, minitemple, serial_shops, nicolae_shop_trees
D:9:      layout_cave_pools, trog_eyes_of_draining, xom_redecorated,
          orc_0_dummy, minmay_stone_trees_small, uniq_gastronok
D:10:     layout_rooms, due_lair_maze_entry_diamond, serial_shops, shop,
          uniq_joseph
D:11:     layout_rooms, serial_undead, serial_undead_a, serial_undead_a,
          serial_undead_c, serial_undead_e, enter_trove_1, nicolae_evil_shop
D:12:     layout_basic, serial_shops, nicolae_shop_statue_plus, grunt_decor_cap
Temple:   nicolae_temple_hex_pool

Notes
Turn   | Place    | Note
-------+----------+-------------------------------------------
     0 | D:1      | drasked the Troll Monk began the quest for the Orb.
     0 | D:1      | Reached XP level 1. HP: 22/22 MP: 0/0
    84 | D:1      | Identified a +0 dagger
   102 | D:1      | Identified a +0 dagger
   151 | D:1      | Reached XP level 2. HP: 26/29 MP: 1/1
   172 | D:1      | Identified a +0 club
   500 | D:1      | Identified a +0 short sword
   506 | D:1      | Reached XP level 3. HP: 32/36 MP: 2/2
   604 | D:2      | Identified a +0 whip
   608 | D:2      | Found a glowing silver altar of Zin.
   616 | D:2      | Reached skill level 4 in Unarmed Combat
   874 | D:2      | Reached skill level 3 in Fighting
   942 | D:2      | Identified a +0 dagger
  1007 | D:2      | Identified a +0 club
  1014 | D:2      | Reached XP level 4. HP: 45/45 MP: 3/3
  1529 | D:2      | Identified a scroll of random uselessness
  1647 | D:3      | Identified a +0 club
  1661 | D:3      | Identified a cursed -1 club
  1670 | D:3      | Identified a cursed -1 short sword
  1711 | D:3      | Identified a +0 club
  1716 | D:3      | Identified a cursed -2 club
  1736 | D:3      | Found a sacrificial altar of Ru.
  1736 | D:3      | Identified a +0 club
  1736 | D:3      | Identified a +0 dagger
  1736 | D:3      | Identified a +0 robe
  1743 | D:3      | Reached skill level 1 in Throwing
  1765 | D:3      | Identified a +0 dagger
  1766 | D:3      | Identified a +0 hand axe
  1783 | D:3      | Reached XP level 5. HP: 53/53 MP: 4/4
  1822 | D:3      | Identified a +0 dagger
  1822 | D:3      | Identified a +0 chain mail
  1913 | D:3      | Found a deep blue altar of Sif Muna.
  1962 | D:3      | Reached skill level 5 in Unarmed Combat
  1967 | D:3      | Identified a +0 club
  1969 | D:3      | Identified a +0 club
  2026 | D:3      | Identified a +0 club
  2105 | D:4      | Identified a +0 war axe
  2105 | D:4      | Identified a +0 leather armour
  2176 | D:4      | Identified a cursed -3 giant club
  2176 | D:4      | Noticed an ogre
  2183 | D:4      | Killed an ogre
  2183 | D:4      | Reached skill level 2 in Throwing
  2183 | D:4      | Reached XP level 6. HP: 39/61 MP: 5/5
  2197 | D:4      | Found a basalt altar of Yredelemnul.
  2623 | D:4      | Identified a +0 flail
  2624 | D:4      | Identified a +0 spear
  2757 | D:4      | Reached skill level 6 in Unarmed Combat
  2778 | D:5      | Entered Level 5 of the Dungeon
  2778 | D:5      | Identified a +0 giant club
  2828 | D:4      | Reached skill level 4 in Fighting
  2828 | D:4      | Reached XP level 7. HP: 39/70 MP: 6/6
  2937 | D:5      | Found a white marble altar of Elyvilon.
  2956 | D:5      | Identified a +0 giant club
  2962 | D:5      | Reached skill level 3 in Throwing
  2992 | D:5      | Identified a +0 rapier
  2992 | D:5      | Identified a +0 leather armour
  2992 | D:5      | Noticed Eustachio
  3008 | D:5      | HP: 16/70 [ufetubus[Eustachio] (2)]
  3011 | D:5      | HP: 2/70 [iron imp[Eustachio] (10)]
  3013 | D:5      | Identified 2 potions of agility
  3014 | D:5      | Identified 2 potions of curing
  3035 | D:5      | Killed Eustachio
  3035 | D:5      | Reached skill level 7 in Unarmed Combat
  3091 | D:5      | Found a stormy altar of Qazlal.
  3114 | D:5      | Identified a +0 dagger
  3118 | D:5      | Identified a +0 club
  3118 | D:5      | Identified a +0 scale mail
  3119 | D:5      | Identified a +0 club
  3119 | D:5      | Identified a +0 chain mail
  3119 | D:5      | Identified a +1 dagger of venom
  3119 | D:5      | Identified a +0 robe
  3135 | D:5      | Reached XP level 8. HP: 67/79 MP: 7/7
  3368 | D:5      | Found a staircase to the Ecumenical Temple.
  3378 | Temple   | Entered the Ecumenical Temple
  3468 | Temple   | Became a worshipper of Warmaster Okawaru
  3468 | Temple   | Reached * piety under Okawaru
  3468 | Temple   | Reached ** piety under Okawaru
  3508 | D:6      | Identified a +3 dagger
  3508 | D:6      | Identified a +0 whip
  3512 | D:6      | Identified a +0 dagger
  3512 | D:6      | Identified a +0 robe
  3706 | D:6      | Identified a +0 battleaxe
  3706 | D:6      | Identified a +0 plate armour
  3709 | D:6      | Reached skill level 4 in Throwing
  3711 | D:6      | Identified a +0 dagger
  3711 | D:6      | Identified a +0 robe
  3718 | D:6      | Identified a +2 spear of piercing
  3720 | D:6      | Reached skill level 8 in Unarmed Combat
  3808 | D:6      | Reached skill level 5 in Fighting
  4033 | D:6      | Identified a +0 shortbow
  4074 | D:6      | Identified a +0 flail
  4074 | D:6      | Identified a +0 plate armour
  4278 | D:6      | Identified a +0 scythe
  4278 | D:6      | Identified a +0 robe
  4278 | D:6      | Noticed Sigmund
  4307 | D:5      | Identified a scroll of enchant weapon
  4308 | D:5      | Identified 4 scrolls of blinking
  4309 | D:5      | Identified 2 scrolls of enchant armour
  4310 | D:5      | Identified 2 scrolls of remove curse
  4311 | D:5      | Identified a scroll of teleportation
  4312 | D:5      | Identified an amulet of the gourmand (You found it on level
                  | 5 of the Dungeon)
  4314 | D:5      | Identified an amulet of magic regeneration (You found it on
                  | level 5 of the Dungeon)
  4315 | D:5      | Identified a ring of teleportation (You found it on level 4
                  | of the Dungeon)
  4340 | D:7      | Identified a +0 trident
  4340 | D:7      | Identified a +0 dagger
  4340 | D:7      | Identified a +0 robe
  4340 | D:7      | Identified a +0 trident
  4343 | D:7      | Identified a +0 flail
  4343 | D:7      | Identified a +0 plate armour
  4350 | D:7      | Identified a +0 leather armour
  4434 | D:7      | Identified a +0 dagger
  4434 | D:7      | Identified a +0 robe
  4434 | D:7      | Reached *** piety under Okawaru
  4521 | D:7      | Reached skill level 9 in Unarmed Combat
  4575 | D:7      | Identified a +0 leather armour
  4575 | D:7      | Identified a +0 dagger
  4575 | D:7      | Identified a +0 robe
  4588 | D:7      | Reached XP level 9. HP: 84/88 MP: 8/8
  4590 | D:7      | Reached skill level 5 in Throwing
  4749 | D:7      | Identified a +0 short sword
  4749 | D:7      | Identified a +0 chain mail
  4752 | D:7      | Identified a +0 dagger
  4752 | D:7      | Identified a +0 robe
  4755 | D:7      | Identified a +0 hand axe
  4755 | D:7      | Identified a +0 chain mail
  4918 | D:7      | Identified a +0 hand axe
  4918 | D:7      | Identified a cursed +0 plate armour
  4918 | D:7      | Identified a +0 whip
  4918 | D:7      | Identified a +0 dagger
  4918 | D:7      | Identified a +0 robe
  4918 | D:7      | Identified a +0 hand axe of chopping
  5153 | D:7      | Identified a +0 hand axe
  5153 | D:7      | Identified a +0 animal skin
  5169 | D:7      | Received a gift from Okawaru
  5176 | D:7      | Reached skill level 6 in Fighting
  5183 | D:7      | Reached skill level 10 in Unarmed Combat
  5289 | D:7      | Identified a +0 shortbow
  5631 | D:8      | Found Jirphos's Book Shop.
  5633 | D:8      | Identified a +0 whip
  5633 | D:8      | Identified a +0 mace
  5633 | D:8      | Identified a +0 ring mail
  5635 | D:8      | Identified a cursed -1 mace
  5725 | D:8      | Reached **** piety under Okawaru
  5800 | D:8      | Reached skill level 6 in Throwing
  5969 | D:8      | Identified a +0 short sword
  5969 | D:8      | Identified a +0 chain mail
  6056 | D:8      | Found a snail-covered altar of Cheibriados.
  6059 | D:8      | Found a hide-covered altar of Uskayaw.
  6061 | D:8      | Found a hazy altar of Hepliaklqana.
  6137 | D:9      | Identified a +0 dagger of protection
  6137 | D:9      | Identified a +0 robe
  6149 | D:9      | Identified a +0 dagger
  6151 | D:9      | Identified a +0 flail
  6151 | D:9      | Identified a +0 leather armour
  6310 | D:9      | Noticed a troll
  6317 | D:9      | Reached XP level 10. HP: 91/100 MP: 9/9
  6510 | D:9      | Identified a +2 hat of intelligence
  6510 | D:9      | Noticed Gastronok
  6538 | D:9      | Killed Gastronok
  6538 | D:9      | Reached skill level 7 in Fighting
  6538 | D:9      | Reached skill level 11 in Unarmed Combat
  6538 | D:9      | Reached skill level 2 in Invocations
  6655 | D:9      | Identified a +0 ring mail
  6929 | D:8      | Reached skill level 7 in Throwing
  6992 | D:9      | Identified a +0 long sword
  6992 | D:9      | Identified a +1 robe of positive energy
  6997 | D:9      | Identified a cursed -3 flail
  6997 | D:9      | Identified a +0 robe
  6998 | D:9      | Identified a +0 falchion
  6998 | D:9      | Identified a +0 robe
  7000 | D:9      | Identified a +0 scimitar
  7000 | D:9      | Identified a +0 robe
  7000 | D:9      | Identified a +5 battleaxe of freezing
  7000 | D:9      | Identified a +0 robe
  7119 | D:9      | Found a shimmering altar of Xom.
  7119 | D:9      | Found a shimmering altar of Xom.
  7120 | D:9      | Found a shimmering altar of Xom.
  7120 | D:9      | Found a shimmering altar of Xom.
  7121 | D:9      | Found a shimmering altar of Xom.
  7151 | D:9      | Found a staircase to the Orcish Mines.
  7226 | D:9      | Reached ***** piety under Okawaru
  7244 | D:9      | Identified a +0 whip
  7249 | D:9      | Identified a +0 club
  7250 | D:9      | Identified a +0 dagger
  7252 | D:9      | Identified a cursed +0 hand crossbow
  7263 | D:9      | Reached skill level 3 in Invocations
  7263 | D:9      | Identified a +0 club
  7375 | D:9      | Identified a +0 antimagic giant spiked club
  7383 | D:9      | Found a bloodstained altar of Trog.
  7383 | D:9      | Identified a +0 antimagic short sword
  7448 | D:9      | Identified a +0 hand axe
  7508 | D:9      | Identified a +0 dagger
  7508 | D:9      | Identified a +0 robe
  7508 | D:9      | Identified a +0 trident
  7508 | D:9      | Identified a +0 leather armour
  7515 | D:9      | Identified a +0 mace
  7515 | D:9      | Identified a +2 ring mail of magic resistance
  7515 | D:9      | Identified a +0 war axe
  7515 | D:9      | Identified a +0 plate armour
  7549 | D:9      | Identified a +0 shortbow
  7756 | D:10     | Entered Level 10 of the Dungeon
  7756 | D:10     | Identified a +0 quarterstaff
  7756 | D:10     | Identified a +0 hunting sling
  7756 | D:10     | Identified a +0 leather armour
  7756 | D:10     | Noticed Joseph
  7756 | D:10     | Identified a +0 rapier
  7756 | D:10     | Noticed a deep elf mage
  7827 | D:10     | Identified a +0 shield (You found it on level 10 of the
                  | Dungeon)
  7975 | D:10     | Killed Joseph
  7975 | D:10     | Received a gift from Okawaru
  7975 | D:10     | Reached skill level 12 in Unarmed Combat
  7975 | D:10     | Reached XP level 11. HP: 70/109 MP: 12/12
  8048 | D:10     | Identified a +0 robe
  8054 | D:10     | Identified a +4 dagger of draining
  8085 | D:10     | Killed a deep elf mage
  8085 | D:10     | Reached skill level 1 in Shields
  8126 | D:10     | Received a gift from Okawaru
  8371 | D:10     | Identified a +0 shortbow
  8391 | D:10     | Paralysed by a hornet for 1 turns
  8441 | D:10     | Reached skill level 4 in Invocations
  8459 | D:10     | Identified a +0 whip
  8461 | D:10     | Identified a +0 short sword
  8461 | D:10     | Identified a +0 whip
  8461 | D:10     | Identified a +0 leather armour
  8461 | D:10     | Identified a cursed +0 buckler
  8461 | D:10     | Identified a cursed -3 club
  8461 | D:10     | Identified a +0 whip
  8523 | D:10     | Killed an unseen horror
  8523 | D:10     | Reached skill level 2 in Shields
  8528 | D:10     | Found a staircase to the Lair.
  8707 | D:10     | Found Mukor's Magic Scroll Emporium.
  8716 | D:10     | Bought a scroll of identify for 28 gold pieces
  8716 | D:10     | Bought a scroll of immolation for 49 gold pieces
  8716 | D:10     | Identified 2 potions of heal wounds
  8717 | D:10     | Identified a potion of might
  8718 | D:10     | Identified a potion of berserk rage
  8719 | D:10     | Identified 6 potions of flight
  8720 | D:10     | Identified 2 potions of haste
  8721 | D:10     | Identified 2 potions of invisibility
  8722 | D:10     | Identified a potion of lignification
  8794 | D:10     | Identified a +0 shortbow
  8871 | D:11     | Found a portal to a secret trove of treasure.
  8956 | D:11     | Reached skill level 8 in Throwing
  9019 | D:11     | Reached skill level 8 in Fighting
  9033 | D:11     | Identified a +0 short sword
  9033 | D:11     | Identified a +0 scale mail
  9033 | D:11     | Identified a +0 mace
  9033 | D:11     | Identified a +0 leather armour
  9038 | D:11     | Identified a +0 short sword
  9090 | D:11     | Identified a +0 giant club
  9090 | D:11     | Identified a +0 giant club
  9090 | D:11     | Noticed a two-headed ogre
  9105 | D:11     | Identified a cursed +2 dagger
  9105 | D:11     | Identified a +0 robe
  9213 | D:11     | Identified a +0 shortbow
  9213 | D:11     | Identified a +0 shortbow
  9219 | D:11     | Identified a +0 shortbow
  9220 | D:11     | Identified a +0 shortbow
  9220 | D:11     | Identified a +0 shortbow
  9222 | D:11     | Identified a +0 shortbow
  9363 | D:11     | Identified a +0 giant spiked club
  9418 | D:11     | Found Usaahebb's Blasphemy Boutique.
  9421 | D:11     | Found a burning altar of Makhleb.
  9920 | D:12     | Identified a +0 giant club
  9920 | D:12     | Identified a +0 giant spiked club
  9920 | D:12     | Noticed a two-headed ogre
  9929 | D:11     | Killed a two-headed ogre
  9929 | D:11     | Received a gift from Okawaru
  9944 | D:11     | HP: 19/110 [two-headed ogre/+0 giant club (23)]
  9957 | D:11     | HP: 20/110 [centaur/arrow (8)]
 10040 | D:11     | Killed a two-headed ogre
 10040 | D:11     | Reached skill level 13 in Unarmed Combat
 10043 | D:11     | Reached skill level 3 in Shields
 10355 | D:12     | Identified a +2 falchion of electrocution
 10355 | D:12     | Identified a +0 ring mail
 10355 | D:12     | Identified a +3 mace
 10355 | D:12     | Identified a +0 chain mail
 10355 | D:12     | Identified a +0 dagger
 10355 | D:12     | Identified a +0 robe
 10392 | D:12     | Identified a +0 shortbow
 10426 | D:12     | Identified a +0 halberd
 10426 | D:12     | Noticed a skeletal warrior
 10443 | D:12     | Killed a skeletal warrior
 10443 | D:12     | Reached XP level 12. HP: 57/119 MP: 14/14
 10453 | D:12     | Found Hireck's General Store.
 10455 | D:12     | Identified a +0 glaive
 10490 | D:12     | Reached skill level 5 in Invocations
 10895 | D:12     | Identified a cursed -1 hand axe
 10895 | D:12     | Identified a +0 shortbow
 10895 | D:12     | Identified a cursed -1 glaive
 10895 | D:12     | Identified a +0 trident
 10897 | D:12     | Identified a +0 short sword
 10897 | D:12     | Identified a +0 leather armour
 10908 | D:12     | HP: 17/119 [skeletal warrior/cursed -1 hand axe (17)]
 10913 | D:12     | HP: 17/119 [something (1)]
 10918 | D:12     | HP: 13/119 [something (2)]
 10921 | D:12     | Slain by an unseen horror

Table legend:
 A = Turns spent in this place as a percentage of turns spent in the entire game.
 B = Non-inter-level travel turns spent in this place as a percentage of non-inter-level travel turns spent in the entire game.
 C = Inter-level travel turns spent in this place as a percentage of turns spent in this place.
 D = Turns resting spent in this place as a percentage of non-inter-level travel turns spent in this place.
 E = Turns spent auto-exploring this place as a percentage of non-inter-level travel turns spent in this place.
 F = Non-inter-level travel turns spent in this place divided by the number of levels of this place that you've seen.
                   A       B       C       D       E      F
               +-------+-------+-------+-------+-------+----------------------
         Total | 100.0 | 100.0 |   3.0 |  22.3 |  49.5 | 814.5
       Dungeon |  99.1 |  99.1 |   3.1 |  22.5 |  49.2 | 874.5
        Temple |   0.9 |   0.9 |   0.0 |   0.0 |  74.5 |  94.0
               +-------+-------+-------+-------+-------+----------------------

Table legend:
 A = Kills in this place as a percentage of kills in entire the game.
 B = Kills by you in this place as a percentage of kills by you in the entire game.
 C = Kills by friends in this place as a percentage of kills by friends in the entire game.
 D = Other kills in this place as a percentage of other kills in the entire game.
 E = Experience gained in this place as a percentage of experience gained in the entire game.
 F = Experience gained in this place divided by the number of levels of this place that you have seen.
                   A       B       C       D       E      F
               +-------+-------+-------+-------+-------+----------------------
         Total | 100.0 | 100.0 |   N/A |   N/A | 100.0 | 1787.5
       Dungeon | 100.0 | 100.0 |   N/A |   N/A | 100.0 | 1936.5
               +-------+-------+-------+-------+-------+----------------------

Skill      XL: |  1  2  3  4  5  6  7  8  9 10 11 12 |
---------------+-------------------------------------+-----
Unarmed Combat | 4 5 6 7 9 10 12 13 | 13.2
Fighting       | 3 4 5 6 7 8 |  8.2
Throwing       | 1 2 3 4 6 7 8 |  8.4
Invocations    | 3 4 5 |  5.0
Shields        | 3 |  3.3
Dodging        | |  2.4
Stealth        | |  1.0

Action                   |  1- 3 |  4- 6 |  7- 9 | 10-12 || total
-------------------------+-------+-------+-------+-------++-------
Melee: Unarmed           |    49 |    87 |   308 |   427 ||   871
       Punch             |       |     2 |    13 |     8 ||    23
Throw: Boomerang         |    48 |    88 |     9 |       ||   145
       Dart              |       |       |    28 |    22 ||    50
       Stone             |       |       |   202 |   231 ||   433
       Large rock        |       |       |       |    20 ||    20
       Javelin           |       |       |       |     4 ||     4
Invok: Heroism           |       |       |       |     2 ||     2
  Use: Scroll            |       |     1 |     6 |     8 ||    15
       Potion            |       |       |     2 |       ||     2
 Stab: Sleeping          |     2 |       |       |       ||     2
       Invisible         |       |     1 |       |       ||     1
  Eat: Chunk             |    15 |    13 |    30 |    46 ||   104
       Ration            |       |     1 |       |     2 ||     3
Armor: Robe              |    11 |    46 |    85 |   174 ||   316
Dodge: Dodged            |    20 |    71 |   169 |   163 ||   423
Block: Shield            |       |       |       |   118 ||   118

Vanquished Creatures
  Gastronok (D:9)
  2 two-headed ogres (D:11)
  2 skeletal warriors (D:12)
  An unseen horror (D:10)
  A deep elf mage (D:10)
  4 centaur zombies
  A manticore (D:12)
  Joseph (D:10)
  2 trolls
  A hornet (D:10)
  2 hippogriffs
  A wraith (D:11)
  A wyvern (D:10)
  3 hogs (D:7)
  A human (D:7)
  4 yaks
  3 hungry ghosts
  Eustachio (D:5)
  An acid dragon (D:12)
  A water moccasin (D:9)
  2 porcupines (D:10)
  3 black bears
  2 eyes of draining
  5 orc warriors
  3 ice beasts
  A sky beast (D:5)
  4 necrophages (D:11)
  2 phantoms
  5 ogres
  12 centaurs
  2 crocodiles
  4 big kobolds
  A wyvern zombie (D:9)
  6 bullfrogs
  A water moccasin zombie (D:7)
  3 scorpions
  16 killer bees
  6 wights
  9 howler monkeys
  6 crimson imps
  A quasit (D:9)
  6 hounds
  An orc priest (D:5)
  2 jellies
  A bullfrog skeleton (D:11)
  4 iguanas
  12 orc wizards
  8 worker ants
  A worker ant zombie (D:5)
  3 gnolls (D:4)
  A howler monkey skeleton (D:6)
  12 adders
  4 shadow imps
  3 oozes
  An adder zombie (D:7)
  An adder skeleton (D:7)
  2 worms
  6 dart slugs
  7 leopard geckos
  34 orcs
  10 giant cockroaches
  12 goblins
  7 hobgoblins
  6 jackals
  15 kobolds
  7 quokkas
  6 bats
  5 frilled lizards
  A jackal skeleton (D:4)
  A leopard gecko skeleton (D:7)
  3 quokka skeletons
  A quokka zombie (D:9)
  6 rats
  A spectral orc (D:4)
318 creatures vanquished.

Vanquished Creatures (others)
  36 fungi (D:10)
  10 plants (D:10)
46 creatures vanquished.

Grand Total: 364 creatures vanquished
